 Dungeon Crawl Stone Soup version 0.26-a0-597-gb535b0901c (webtiles) character file.

Game seed: 1257788883280499796

(classic levelgen) 17857 EnegeticOcto the Cleaver (level 12, -8/109 HPs)
             Began as a Deep Dwarf Fighter on Aug 25, 2020.
             Was a High Priest of Ru.
             Killed from afar by a shock serpent (18 damage)
             ... with a bolt of electricity
             ... on level 1 of the Snake Pit.
             The game lasted 00:06:20 (5644 turns).

EnegeticOcto the Cleaver (Deep Dwarf Fighter)       Turns: 5644, Time: 00:06:21

Health: -8/109     AC: 15    Str: 25    XL:     12   Next: 22%
Magic:  0/13       EV:  6    Int:  9    God:    Ru [*****.]
Gold:   323        SH: 11    Dex: 12    Spells: 22/22 levels left

rFire    + . .     SeeInvis +   p - +4 war axe (vamp)
rCold    . . .     Faith    .   c - +0 kite shield
rNeg     . . .     Spirit   .   y - +3 chain mail {rF+}
rPois    .         Reflect  .   h - +1 helmet
rElec    .         Harm     .   (no cloak)
rCorr    .                      (no gloves)
MR       +....                  (no boots)
Stlth    ..........             C - amulet of magic regeneration
HPRegen  0.00/turn              (no ring)
MPRegen  0.38/turn              w - ring of see invisible

@: lethally poisoned (-8 -> -8), exhausted, non-regenerating, drained
A: damage resistance, heal wounds, sense surroundings 2, no stealth, inability
to train dodging, unskilled 1, inexperienced 1, no regeneration
a: Heal Wounds, Draw Out Power, Power Leap, Apocalypse, Renounce Religion


You were on level 1 of the Snake Pit.
You worshipped Ru.
Ru was extremely pleased with you.
You visited 5 branches of the dungeon, and saw 15 of its levels.
You also visited: Ossuary.

You collected 938 gold pieces.
You spent 615 gold pieces at shops.

Inventory:

Hand Weapons
 a - a +0 war axe
 p - a +4 vampiric war axe (weapon)
Armour
 b - a +0 scale mail
 c - a +0 kite shield (worn)
 h - a +1 helmet (worn)
 q - a +0 plate armour
 y - a +3 chain mail of fire resistance (worn)
 F - a +4 plate armour
Jewellery
 w - a ring of see invisible (right hand)
 C - an amulet of magic regeneration (around neck)
Wands
 f - a wand of disintegration (19)
 i - a wand of iceblast (8)
 r - a wand of paralysis (12)
 x - a wand of polymorph (6)
 B - a wand of acid (14) {@v1}
 H - a wand of digging (8) {@v3}
Scrolls
 e - 2 scrolls of fear
 g - 2 scrolls of remove curse {@r2}
 l - 6 scrolls of identify {@r1}
 t - 3 scrolls of magic mapping {@r5}
 v - 5 scrolls of teleportation {@r3}
 D - a scroll of silence
Potions
 d - 3 potions of might {@q3}
 j - 5 potions of haste {@q4}
 k - 2 potions of ambrosia
 m - 6 potions of curing {@q1}
 n - 3 potions of degeneration
 o - 2 potions of brilliance
 s - 6 potions of heal wounds {@q2}
 u - a potion of magic
 z - 4 potions of stabbing {unknown}
 A - a potion of invisibility {unknown}
 E - a potion of mutation
Miscellaneous
 G - a tin of tremorstones (3/3)


   Skills:
 + Level 7.0(5.7) Fighting
 * Level 11.0(9.7) Axes
 + Level 8.4(7.1) Armour
   Level 0.0 Dodging
 + Level 8.3(7.1) Shields
 + Level 5.5(4.3) Spellcasting
 + Level 7.8(6.5) Evocations


You had 22 spell levels left.
You didn't know any spells.
Your spell library contained the following spells:

 Spells                   Type           Power        Failure   Level
 Animate Skeleton         Necr           #.....       99%         1
 Apportation              Tloc           #.....       99%         1
 Corona                   Hex            #......      99%         1
 Summon Small Mammal      Summ           #...         99%         1
 Lesser Beckoning         Tloc           #.........   100%        3
 Tukima's Dance           Hex            #.......     100%        3
 Alistair's Intoxication  Tmut/Pois      #........    100%        5
 Invisibility             Hex            #.......     100%        6


Dungeon Overview and Level Annotations

Branches:
Dungeon (9/15)             Temple (1/1) D:4            Lair (2/6) D:8
  Snake (1/4) Lair:2          Orc (2/2) D:9         Ossuary (visited)
  Swamp: Lair:2-4    Shoals: Lair:2-4       Elf: Orc:2

Altars:
Ashenzari
Cheibriados
Dithmenos
Elyvilon
Fedhas
Hepliaklqana
Kikubaaqudgha
Makhleb
Nemelex Xobeh
Okawaru
Qazlal
Ru
Sif Muna
Trog
Uskayaw
Vehumet
Wu Jian
Xom
Yredelemnul
Zin
The Shining One

Shops:
D:8 ([(**   Orc:2 **


Innate Abilities, Weirdness & Mutations

You are resistant to damage.
You can heal yourself by infusing magical energy.
You passively map the area around you.
You cannot be stealthy.
You cannot train Dodging skill.
You are somewhat unskilled. (-1 Apt)
You are somewhat inexperienced. (-2 XL)
You do not regenerate.


Message History

You reveal the great annihilating truth to your foes!
The shock serpent slows down under the weight of truth!
You kill the anaconda! x2
Your Axes skill increases to level 11!
You kill the guardian serpent!
Your Fighting skill increases to level 7!
You kill the naga!
You feel drained.
The shock serpent's electric aura discharges violently, shocking you!
* * * LOW HITPOINT WARNING * * *
The shock serpent bites you but does no damage.
You are too injured to fight recklessly!
You feel much better. You block the shock serpent's attack.
The shock serpent bites you. The shock serpent shocks you!
The shock serpent is stunned by your will and fails to attack.
Evoke which item? (* to show all) (? for menu, Esc to quit)
Press: ? - help, Shift-Dir - straight line, f - shock serpent
Aim: a shock serpent (chance to defeat MR: 49%)
The shock serpent resists with some effort.
The shock serpent shoots out a bolt of lightning at you!
The bolt of electricity hits you!
* * * LOW HITPOINT WARNING * * *
A mana viper comes into view.
The shock serpent bites you.
* * * LOW HITPOINT WARNING * * *
The shock serpent shocks you!
* * * LOW HITPOINT WARNING * * *
Evoke which item? (* to show all) (? for menu, Esc to quit)
Okay, then.
Your magical essence is drained by the effort!
You feel much better.
The sentinel's mark upon you fades away.
The shock serpent bites you but does no damage.
You block the shock serpent's attack. x2
You feel much better. The shock serpent closely misses you.
You block the shock serpent's attack.
You feel much better. You block the shock serpent's attack.
The mana viper bites you but does no damage.
You redirect the shock serpent's attack!
The shock serpent bites you! The shock serpent shocks you!
The mana viper bites you!
You feel your power leaking away.
The shock serpent begins to attack, but is stunned by your will!
Evoke which item? (* to show all) (? for menu, Esc to quit)
Aiming: Paralyse
Press: ? - help, Shift-Dir - straight line, f/p - shock serpent
Aim: a shock serpent (chance to defeat MR: 49%)
The shock serpent suddenly stops moving!
The mana viper bites you but does no damage.
The shock serpent bites you but does no damage.
The helpless shock serpent fails to defend itself.
You hit the shock serpent.
You feel better.
The shock serpent is lightly wounded.
Your shield and chain mail prevent you from hitting the mana viper.
You slash the shock serpent!
You feel better.
The shock serpent's electric aura discharges, shocking you!
The mana viper bites you!
You feel your power leaking away. You block the shock serpent's attack.
The mana viper bites you but does no damage.
The helpless shock serpent fails to defend itself.
You slash the shock serpent!
You feel better.
The shock serpent is moderately wounded.
You slash the mana viper!
The shock serpent's electric aura discharges, shocking you!
You miss the shock serpent. The mana viper bites you.
The shock serpent shoots out a bolt of lightning at you!
The bolt of electricity hits you! x2
The helpless shock serpent fails to defend itself.
You slice the shock serpent!!
You feel better.
The shock serpent is severely wounded.
You closely miss the mana viper.
The shock serpent's electric aura discharges, shocking you!
You slash the shock serpent!
You feel better.
The shock serpent's electric aura discharges, shocking you!
The mana viper bites you!
You feel your power leaking away.
The shock serpent shoots out a bolt of lightning at you!
The bolt of electricity hits you!! The bolt of electricity hits you.
* * * LOW HITPOINT WARNING * * *
You block the mana viper's attack.
The helpless shock serpent fails to defend itself.
You slash the shock serpent!
The shock serpent is almost dead.
You hit the shock serpent.
You feel better.
The shock serpent's electric aura discharges, shocking you!
You hit the mana viper.
You feel better. You block the mana viper's attack.
The shock serpent bites you. The shock serpent shocks you!
* * * LOW HITPOINT WARNING * * *
You focus your will and illuminate the shock serpent in retribution!
The helpless shock serpent fails to defend itself.
You hit the shock serpent.
You feel better.
The shock serpent is almost dead.
You slash the mana viper!
You feel better.
You completely miss the shock serpent. You block the mana viper's attack.
The shock serpent shoots out a bolt of lightning at you!
The bolt of electricity hits you!!
* * * LOW HITPOINT WARNING * * *
The bolt of electricity hits you!!
You die...

* , , , * , ....... ..... , , * ,
......#..,.... , , , ........#
...## , , , , ,........##....* ,
, ,,.........#.... , * ,
#..#........# , , .
#..#.?..).S$#* , ,
..#..#....S@..# , *
,..........S#####,, ,, ,
,**#............#* , , *
#...........## * *
#..##........#.. *..## .. *#
###......#..##. ..#.##.# ###.
##........##.##.##...#...#.
##..^##.......#.....#.......#....
#......(.(..).#...##.......##..#.


You could see 2 shock serpents and a mana viper.

Vanquished Creatures
  2 anacondas (Snake:1)
  2 orc knights
  A guardian serpent (Snake:1)
  2 salamanders (Snake:1)
  A smoke demon (Orc:2)
  3 black mambas (Snake:1)
  2 cane toads (Lair:2)
  A rime drake (Lair:2)
  A red devil (Orc:2)
  4 trolls
  Prince Ribbit (D:7)
  4 hippogriffs
  2 shadows (D:9)
  14 yaks
  3 wargs
  2 two-headed ogre zombies (D:9)
  6 nagas
  A water moccasin (Lair:2)
  16 orc warriors
  2 porcupines (Lair:2)
  3 sky beasts
  2 ice beasts
  A black bear (D:9)
  An eye of draining (D:9)
  6 ogres
  3 phantoms
  2 centaurs (D:9)
  A crocodile (Lair:2)
  7 bullfrogs
  3 big kobolds (D:8)
  3 water moccasin zombies (Ossuary)
  A scorpion (D:5)
  A troll zombie (D:9)
  11 killer bees
  A howler monkey (D:5)
  A centaur zombie (D:5)
  A quasit (D:6)
  3 centaur skeletons
  A bullfrog skeleton (D:5)
  4 hounds
  15 orc priests
  An iron imp (D:7)
  7 orc wizards
  An iguana (D:9)
  7 worker ants
  A killer bee zombie (D:9)
  5 ogre zombies (D:9)
  A big kobold zombie (Ossuary)
  A hound skeleton (D:9)
  2 mummies (Ossuary)
  Robin (D:2)
  A worker ant zombie (D:9)
  7 gnolls
  6 adders
  3 shadow imps
  2 white imps (D:7)
  An ufetubus (D:9)
  2 adder skeletons
  4 adder zombies (Ossuary)
  A dart slug (D:5)
  5 leopard geckos
  50 orcs
  A giant cockroach (D:1)
  10 goblins
  4 hobgoblins
  4 jackals
  2 quokkas
  2 bats (D:1)
  A frilled lizard (D:4)
  3 goblin skeletons (D:9)
  3 goblin zombies (D:9)
  A hobgoblin skeleton (D:9)
  10 hobgoblin zombies
  A jackal zombie (D:6)
  17 kobolds
  5 kobold zombies (Ossuary)
  2 leopard gecko skeletons
  A leopard gecko zombie (D:6)
  5 orc skeletons (D:9)
  14 orc zombies
  A quokka zombie (D:5)
  A rat (D:1)
338 creatures vanquished.

Vanquished Creatures (others)
  A hydra (Lair:2)
  A black mamba (Snake:1)
  A komodo dragon (Lair:2)
  A yak (Lair:1)
  A wyvern (D:8)
  A naga (Snake:1)
  2 orc warriors (Orc:2)
  A killer bee (D:8)
  An adder zombie (Ossuary)
  A hobgoblin zombie (Ossuary)
  An orc skeleton (D:9)
  8 fungi
  18 plants
38 creatures vanquished.

Grand Total: 376 creatures vanquished

Notes
Turn   | Place    | Note
-------+----------+-------------------------------------------
     0 | D:1      | EnegeticOcto the Deep Dwarf Fighter began the quest for the
                  | Orb.
     0 | D:1      | Reached XP level 1. HP: 20/20 MP: 1/1
   118 | D:2      | Noticed Robin
   121 | D:2      | Reached XP level 2. HP: 25/27 MP: 2/2
   123 | D:2      | Killed Robin
   132 | D:2      | Reached skill level 3 in Axes
   136 | D:2      | Reached XP level 3. HP: 31/33 MP: 3/3
   259 | D:4      | Found a staircase to the Ecumenical Temple.
   266 | D:4      | Reached XP level 4. HP: 32/42 MP: 4/4
   280 | Temple   | Entered the Ecumenical Temple
   326 | Temple   | Became a worshipper of Ru the Awakened
   357 | D:4      | Reached skill level 4 in Axes
   357 | D:4      | Reached XP level 5. HP: 33/49 MP: 5/5
   632 | D:4      | Found a blossoming altar of Fedhas.
   762 | D:5      | Entered Level 5 of the Dungeon
   878 | D:5      | Found an iron altar of Okawaru.
   971 | D:5      | Reached XP level 6. HP: 47/56 MP: 7/7
  1016 | D:5      | Reached skill level 1 in Spellcasting
  1096 | D:5      | Gained mutation: You are somewhat inexperienced. (-2 XL)
                  | [Ru sacrifice]
  1096 | D:5      | Reached XP level 5. HP: 49/50 MP: 6/6
  1096 | D:5      | Reached XP level 4. HP: 44/44 MP: 5/5
  1096 | D:5      | Reached * piety under Ru
  1096 | D:5      | Reached ** piety under Ru
  1138 | D:5      | Reached skill level 5 in Axes
  1138 | D:5      | Reached XP level 5. HP: 50/50 MP: 6/6
  1443 | D:6      | Noticed a sky beast
  1455 | D:6      | Killed a sky beast
  1506 | D:6      | Reached XP level 6. HP: 50/57 MP: 8/8
  1532 | D:6      | Reached skill level 1 in Dodging
  1743 | D:6      | Noticed a sky beast
  1754 | D:6      | Killed a sky beast
  1754 | D:6      | Reached skill level 5 in Armour
  1810 | D:6      | Reached skill level 5 in Shields
  1810 | D:6      | Reached XP level 7. HP: 63/64 MP: 9/9
  1947 | D:7      | Reached skill level 6 in Axes
  2140 | D:7      | Noticed Prince Ribbit
  2230 | D:7      | Reached skill level 1 in Evocations
  2230 | D:7      | Reached XP level 8. HP: 73/73 MP: 11/11
  2266 | D:7      | Found a snail-covered altar of Cheibriados.
  2311 | D:7      | Killed Prince Ribbit
  2311 | D:7      | Reached skill level 7 in Axes
  2387 | D:7      | Found a hide-covered altar of Uskayaw.
  2490 | D:8      | Found Piawauta's Antique Weapon Emporium.
  2502 | D:8      | Found a sand-covered staircase.
  2508 | Ossuary  | Entered an ossuary
  2586 | Ossuary  | Gained mutation: You are somewhat unskilled. (-1 Apt) [Ru
                  | sacrifice]
  2586 | Ossuary  | Reduced skill Axes to level 6
  2586 | Ossuary  | Reached *** piety under Ru
  2707 | D:8      | Noticed a hippogriff
  2721 | D:8      | Killed a hippogriff
  2721 | D:8      | Reached skill level 7 in Axes
  2721 | D:8      | Gained mutation: You passively map the area around you.
                  | [Deep Dwarf growth]
  2721 | D:8      | Reached XP level 9. HP: 61/79 MP: 13/13
  2822 | D:8      | Found Wiosy's Assorted Antiques.
  2844 | D:8      | Found Jaff's Assorted Antiques.
  2865 | D:8      | Bought a scroll labeled FUHEIZ ZUR NIFF for 36 gold pieces
  2982 | D:8      | Found a staircase to the Lair.
  3026 | D:8      | Found Ciguppeq's Antique Armour Shop.
  3143 | D:8      | Found a basalt altar of Yredelemnul.
  3143 | D:8      | Found a shimmering altar of Xom.
  3149 | D:8      | Found a glowing silver altar of Zin.
  3150 | D:8      | Found a radiant altar of Vehumet.
  3150 | D:8      | Found a burning altar of Makhleb.
  3150 | D:8      | Found a shattered altar of Ashenzari.
  3150 | D:8      | Found a stormy altar of Qazlal.
  3154 | D:8      | Found an ancient bone altar of Kikubaaqudgha.
  3155 | D:8      | Found an ornate altar of the Wu Jian Council.
  3197 | D:8      | Found Vekk's Antique Weapon Boutique.
  3393 | D:9      | Reached skill level 5 in Fighting
  3422 | D:9      | Found a stormy altar of Qazlal.
  3478 | D:9      | Found a staircase to the Orcish Mines.
  3499 | D:9      | Reached skill level 8 in Axes
  3537 | D:9      | Reached XP level 10. HP: 60/88 MP: 15/15
  3545 | D:9      | Gained mutation: You cannot train Dodging skill. [Ru
                  | sacrifice]
  3545 | D:9      | Reached **** piety under Ru
  3545 | D:9      | Reached ***** piety under Ru
  3756 | D:9      | Reached skill level 5 in Evocations
  4035 | Orc:1    | Entered Level 1 of the Orcish Mines
  4036 | Orc:1    | Found a burning altar of Makhleb.
  4147 | Orc:2    | Entered Level 2 of the Orcish Mines
  4152 | Orc:2    | Reached skill level 9 in Axes
  4162 | Orc:2    | Noticed an orc knight
  4214 | Orc:1    | Killed an orc knight
  4310 | Orc:2    | Reached XP level 11. HP: 97/97 MP: 14/14
  4413 | Orc:2    | Noticed an orc knight
  4431 | Orc:2    | Killed an orc knight
  4433 | Orc:2    | Found Ibbes's General Store.
  4436 | Orc:2    | Found Odawypis's General Store.
  4483 | Orc:2    | Bought a potion of haste for 120 gold pieces
  4483 | Orc:2    | Bought a +3 chain mail of fire resistance for 318 gold
                  | pieces
  4483 | Orc:2    | Bought a potion of mutation for 96 gold pieces
  4485 | Orc:2    | Bought a scroll of teleportation for 45 gold pieces
  4625 | Lair:1   | Entered Level 1 of the Lair of Beasts
  4642 | Lair:1   | Reached skill level 10 in Axes
  4670 | Lair:1   | Gained mutation: You cannot be stealthy. [Ru sacrifice]
  4785 | Lair:2   | Reached skill level 5 in Spellcasting
  4968 | Lair:2   | Noticed an eight-headed hydra
  4972 | Lair:2   | Killed a nine-headed hydra
  5031 | Lair:2   | Found a staircase to the Snake Pit.
  5483 | Snake:1  | Entered Level 1 of the Snake Pit
  5537 | Snake:1  | Reached XP level 12. HP: 54/106 MP: 13/13
  5618 | Snake:1  | Noticed an anaconda
  5623 | Snake:1  | Noticed an anaconda
  5633 | Snake:1  | Killed an anaconda
  5633 | Snake:1  | Killed an anaconda
  5633 | Snake:1  | Reached skill level 11 in Axes
  5644 | Snake:1  | Killed from afar by a shock serpent

Illustrated notes

Levels and vault maps discovered:
D:1:      roderic_crop_circles_arrival_small, layout_rooms, minmay_door_square
D:2:      layout_loops_cross, uniq_robin
D:3:      gammafunk_steamed_eel, layout_loops_cross, nicolae_gozag_seed_capital
D:4:      layout_cave_pools, fedhas_altar_4, minmay_temple_entry_glassed_door,
          kennysheep_generic_room_3
D:5:      layout_basic, lemuel_coloured_pillars_altar, grunt_ministairs_5,
          minmay_between
D:6:      layout_basic, minmay_crystal_room
D:7:      layout_rooms, slow_altar_1, basic_altar, serial_glass,
          glass_columns_b, glass_columns_a, uniq_prince_ribbit1
D:8:      layout_gridville, minitemple, dpeg_oklobed_lair, serial_shops, shop,
          shop, shop, nicolae_shop_temple_entry_statues_fountains,
          kennysheep_mini, enter_ossuary_5
D:9:      layout_roguey, zombieorc2_lemuel, grunt_qazlal_sundering
Temple:   dpeg_three_leaves_temple
Lair:1:   layout_regular_city, st_stairs_9, lemuel_old_faithful, uniq_erica
Lair:2:   layout_regular_city, minmay_snake_entry_guardpost_small
Snake:1:  layout_onion_interference
Orc:1:    layout_diamond_mine, basic_altar
Orc:2:    pf_orc_diabolical, layout_caves

Skill      XL: |  1  2  3  4  5  6  7  8  9 10 11 12 |
---------------+-------------------------------------+-----
Axes           | 3 5 6 7 8 9 10 11 | 11.0
Fighting       | 3 4 5 6 7 |  7.0
Armour         | 4 5 6 7 8 |  8.4
Shields        | 4 5 6 7 8 |  8.3
Spellcasting   | 1 2 3 4 5 |  5.5
Dodging        | 1 2 3 4 0 |  0.0
Evocations     | 1 2 4 5 7 |  7.8

Action                   |  1- 3 |  4- 6 |  7- 9 | 10-12 || total
-------------------------+-------+-------+-------+-------++-------
Melee: War axe           |    67 |   145 |   382 |   449 ||  1043
Invok: Sacrifice Experie |       |     1 |       |       ||     1
       Sacrifice Skill   |       |       |     1 |       ||     1
       Draw Out Power    |       |       |       |     2 ||     2
       Sacrifice Nimblen |       |       |       |     1 ||     1
       Apocalypse        |       |       |       |     3 ||     3
       Sacrifice Stealth |       |       |       |     1 ||     1
 Abil: Heal Wounds       |       |     1 |     2 |    31 ||    34
Evoke: Wand              |       |       |       |     2 ||     2
  Use: Scroll            |       |    14 |     6 |       ||    20
 Stab: Distracted        |       |       |     1 |     4 ||     5
       Invisible         |       |       |     1 |     7 ||     8
       Paralysed         |       |       |       |     8 ||     8
Armor: Scale mail        |    35 |    30 |       |       ||    65
       Plate armour      |       |    41 |   238 |   257 ||   536
       Chain mail        |       |       |       |    48 ||    48
Dodge: Dodged            |    15 |    36 |   128 |   131 ||   310
Block: Kite shield       |    32 |    68 |   233 |   349 ||   682

Table legend: (Time is in decaauts)
 A = Elapsed time spent in this place.
 B = Non-inter-level travel time spent in this place.
 C = Inter-level travel time spent in this place.
 D = Time resting spent in this place.
 E = Time spent auto-exploring this place.
 F = Levels seen in this place.
 G = Mean time per level.
                   A        B        C        D        E       F      G
               +--------+--------+--------+--------+--------+-----+--------+
         Total |   5836 |   5507 |    329 |      0 |   3486 |  16 |  364.8 |
       Dungeon |   4015 |   3802 |    213 |      0 |   2593 |   9 |  446.1 |
        Temple |     59 |     47 |     12 |      0 |      0 |   1 |   59.0 |
          Lair |    862 |    822 |     40 |      0 |    627 |   2 |  431.0 |
     Snake Pit |    163 |    163 |      0 |      0 |     60 |   1 |  163.0 |
  Orcish Mines |    543 |    481 |     62 |      0 |    169 |   2 |  271.5 |
       Ossuary |    191 |    191 |      0 |      0 |     37 |   1 |  191.0 |
               +--------+--------+--------+--------+--------+-----+--------+

Top non-repeatable levels by time:
  Lair:2: 811 daAuts
     D:8: 810 daAuts
     D:9: 723 daAuts
     D:5: 694 daAuts
     D:4: 546 daAuts
     D:7: 527 daAuts
     D:6: 516 daAuts
   Orc:2: 367 daAuts
 Ossuary: 191 daAuts
   Orc:1: 176 daAuts
 Snake:1: 163 daAuts
     D:1: 112 daAuts
     D:2: 64 daAuts
  Temple: 59 daAuts
  Lair:1: 51 daAuts
